AoeStats
← ^8Fischy^3123

Arabia

503136602Analyzed
1v1 RM · 2mo ago on Aug 30, 2026· 49m 1s· 2 players
Game mode
Random Map
Map size
Tiny (2 player)
Population
200
Speed
Normal
Resources
Standard
Victory
Conquest
Starting age
Dark Age
Ending age
Imperial Age
RankedLock teamsTeams togetherTeam positionsShared explorationLock speedFull tech treeHidden civsTurbo modeCheats
Victory
Defeat
🇬🇧 Khmer · United Kingdom
827
+13
vs
🇩🇪 Bulgarians · Germany
755
-13
^8Fischy^3123
10:53 Feudal Age
19:41 Double-Bit Axe
21:20 Horse Collar
26:11 Fletching
30:27 Castle Age
36:56 Bodkin Arrow
40:26 Heavy Plow
41:03 Bow Saw
48:28 Imperial Age
47:21 Wheelbarrow
47:29 Forging
『a』『n』『d』『y』
8:06 Loom
10:20 Feudal Age
10:39 Man-at-Arms
16:24 Double-Bit Axe
19:09 Fletching
22:44 Castle Age
20:49 Horse Collar
21:18 Gold Mining
21:46 Padded Archer Armor
22:26 Stone Mining
22:54 Forging
22:58 Scale Mail Armor
23:34 Bloodlines
24:20 Wheelbarrow
24:27 Crossbowman
26:02 Bow Saw
25:53 Heavy Plow
28:57 Bodkin Arrow
29:09 Scale Barding Armor
32:20 Husbandry
33:14 Hand Cart
37:57 Town Watch
40:16 Iron Casting
44:09 Imperial Age
43:33 Chain Barding Armor
43:49 Tusk Swords
46:00 Plate Barding Armor
47:00 Blast Furnace
47:21 Conscription
48:26 Chemistry
Connection lost

Rejoining the realm…

Still unreachable

The connection could not be restored.

Session expired

The server has moved on; the page needs a fresh start.